 Dungeon Crawl Stone Soup version 0.30-a0-737-gf23d94013f (webtiles) character file.

Game seed: 3939077491708854033

4 Esekla the Sneak (level 1, -1/16 HPs)
             Began as an Octopode Delver on Feb 2, 2023.
             Slain by an orc
             ... wielding a +0 short sword
              (2 damage)
             ... on level 5 of the Dungeon.
             The game lasted 00:00:45 (43 turns).

Esekla the Sneak (Octopode Delver)                    Turns: 43, Time: 00:00:46

Health: -1/16      AC:  1    Str: 11    XL:     1   Next: 60%
Magic:  1/1        EV: 13    Int: 12    God:
Gold:   14         SH:  0    Dex: 13    Spells: 0/0 levels left

rFire   . . .      SeeInvis .    a - +0 falchion
rCold   . . .      Faith    .    (no shield)
rNeg    . . .      Spirit   .    (helmet restricted)
rPois   .          Reflect  .    (no amulet)
rElec   .          Harm     .    (no ring)
rCorr   .          Rampage  .    (no ring)
Will    .....                    (no ring)
Stlth   ++++                     (no ring)
HPRegen 0.22/turn                (no ring)
MPRegen 0.07/turn                (no ring)
                                 (no ring)
                                 (no ring)

@: no status effects
A: almost no armour, amphibious, 8 rings, camouflage 1, gelatinous body 1,
(nimble swimmer 1), tentacles
a: no special abilities


You were on level 5 of the Dungeon.
You visited 1 branch of the dungeon, and saw 1 of its levels.

You collected 14 gold pieces.

Inventory:

Hand Weapons
 a - a +0 falchion (weapon)
Wands
 f - a wand of digging (3)
Scrolls
 b - a scroll of fog
 c - a scroll of poison {unknown}
 g - a scroll of amnesia {unknown}
Potions
 e - a potion of haste


   Skills:
 * Level 3.0 Fighting
 * Level 2.0 Long Blades
 * Level 2.0 Dodging
 + Level 6.7 Stealth
 * Level 0.1 Spellcasting


You couldn't memorise any spells.
You didn't know any spells.
Your spell library was empty.

Dungeon Overview and Level Annotations

Branches:
Dungeon (5/15)
 Temple: D:4-7

Altars:
Zin


Innate Abilities, Weirdness & Mutations

You cannot wear most types of armour.
You are amphibious.
You can wear up to eight rings at the same time.
Your skin changes colour to match your surroundings (Stealth+).
Your rubbery body absorbs attacks. (AC +1, EV +1)
((You are camouflaged when in or above water. (Stealth+)))
You have tentacles for arms and can constrict up to eight enemies at once.


Message History

You feel aware of your surroundings.
You sensed 1 altar.
Found 14 gold pieces.
Found a scroll labelled FARPHU MOBOA and a ring mail. 3 gnolls come into view.
Found a stone staircase leading up.
The gnoll shouts! x3
An ice beast comes into view.
You see here 14 gold pieces.
You now have 14 gold pieces.
As you read the scroll of fear, it crumbles to dust.
You assume a fearsome visage.
The gnoll looks frightened! x3
The ice beast looks frightened!
You see here a scroll labelled FARPHU MOBOA.
c - a scroll labelled FARPHU MOBOA 3 orcs come into view.
An orc is wielding a +0 falchion and wearing a +2 leather armour of fire resistance.
The orc shouts! x3
Found an orange potion.
You open the door. The orc hits you with a +0 hand axe. The orc misses you.
The orc hits you with a +0 falchion!
Found a glowing silver altar of Zin.
The orc hits you with a +0 short sword.
* * * LOW HITPOINT WARNING * * *
There is an open door here.
The orc attacks as you move away! The orc closely misses you.
The orc attacks as you move away! The orc barely misses you.
You slash the orc!
You kill the orc!
You hit the orc but do no damage. Your grab misses the orc.
You closely miss the orc. Your grab misses the orc.
The orc hits you with a +0 falchion.
* * * LOW HITPOINT WARNING * * *
The orc barely misses you.
You hit the orc but do no damage. You grab the orc. You squeeze the orc!
You kill the orc!
The orc hits you but does no damage.
You hit the orc. You grab the orc. You squeeze the orc.
The orc is heavily wounded.
You constrict the orc. The orc hits you with a +0 short sword.
You die...

,,*,,**,,*,,,,,,,,,,,,,,*
*******,,*,,,,,,,,,,,,,,*
*,,,*,,,*,,,,,,,,,,,,,,*
*,,,+,,,+,,,,,,,,,,,,,,*
*,,,*,,,*,,,,,,,,,,,,,,*
*,,,*,,,**,,,,**,,********
*,,,*,,>*#,,,,,,,,*###*,,*
**,,**,,*#.,#####,....,,,*
********#.##._@##....,,,*
*,,,*#..##o##...#*,,**
*,,,*#.........###,,*
**,,*#.8.....8....,,*
**,,##...8.8.....!,,*
*,,,#..........###+##
*,,,#.....########..#
*,,,##....##.......,*
****,,*#....##.....,,,*


You could see an orc.

Vanquished Creatures
  2 orcs (D:5)
2 creatures vanquished.

Notes
Turn   | Place    | Note
-------+----------+-------------------------------------------
     0 | D:5      | Esekla the Octopode Delver began the quest for the Orb.
     0 | D:5      | Reached XP level 1. HP: 16/16 MP: 1/1
    18 | D:5      | Noticed an ice beast
    36 | D:5      | Found a glowing silver altar of Zin.
    43 | D:5      | Slain by an orc

Illustrated notes

Levels and vault maps discovered:
D:5:      layout_gridville, zin_statuary

Action                     || total
---------------------------++-------
  Melee: Falchion          ||     5
         Constrict         ||     2
         Tentacles         ||     2
    Use: Scroll            ||     2
 Armour: Skin              ||     1
  Dodge: Dodged            ||     4

Table legend: (Time is in decaauts)
 A = Elapsed time spent in this place.
 B = Non-inter-level travel time spent in this place.
 C = Inter-level travel time spent in this place.
 D = Time resting spent in this place.
 E = Time spent auto-exploring this place.
 F = Levels seen in this place.
 G = Mean time per level.
                   A        B        C        D        E       F      G
               +--------+--------+--------+--------+--------+-----+--------+
         Total |     43 |     43 |      0 |      0 |      0 |   1 |   43.0 |
       Dungeon |     43 |     43 |      0 |      0 |      0 |   1 |   43.0 |
               +--------+--------+--------+--------+--------+-----+--------+

Top non-repeatable levels by time:
     D:5: 43 daAuts
